3A
BELLEVILLE BULLS @ MANCELONA TORCH
08/29/2027
 
TOP OF THE 1ST
Belleville Bulls batting - Pitching for Mancelona Torch : RHP Zafar Zahir
Pitching: RHP Zafar Zahir
Batting: RHB Vicente Mena 0-0: Called Strike
0-1: Foul Ball, location: 2F
0-2: Fly out, F4 (Line Drive, 4)
Batting: LHB José Gómez 0-0: Called Strike
0-1: Ball
1-1: Foul Ball, location: 2F
1-2: Ball
2-2: Foul Ball, location: 2F
2-2: Foul Ball, location: 2F
2-2: Ball
3-2: Fly out, F9 (Flyball, 9)
Batting: LHB Ken Stroud 0-0: Ball
1-0: Swinging Strike
1-1: Ball
2-1: Ball
3-1: Base on Balls
Batting: RHB Mike Jennings 0-0: Ball
1-0: Ball
2-0: Called Strike
2-1: Fielders Choice at 2nd, 6-4 (Groundball, 56)
Top of the 1st over - 0 run(s), 0 hit(s), 0 error(s), 0 left on base; Belleville 0 - Mancelona 0
BOTTOM OF THE 1ST
Mancelona Torch batting - Pitching for Belleville Bulls : RHP Héctor Aguilar
Pitching: RHP Héctor Aguilar
Batting: RHB José Córdova 0-0: Ball
1-0: Called Strike
1-1: Ball
2-1: DOUBLE (Flyball, 9)
Batting: RHB Emílio Agramónte 0-0: Called Strike
0-1: Ball
1-1: Swinging Strike
1-2: Foul Ball, location: 2F
1-2: Ball
2-2: Foul Ball, location: 2F
2-2: Strikes out swinging
Batting: RHB Blake Snow 0-0: Ball
1-0: Fly out, F6 (Popup, 56D)
Batting: RHB Ratko Ralevic 0-0: Swinging Strike
0-1: Foul Ball, location: 2F
0-2: Strikes out swinging
Bottom of the 1st over - 0 run(s), 1 hit(s), 0 error(s), 1 left on base; Belleville 0 - Mancelona 0
TOP OF THE 2ND
Belleville Bulls batting - Pitching for Mancelona Torch : RHP Zafar Zahir
Batting: RHB Ron Bernard 0-0: Foul Ball, location: 2F
0-1: Ball
1-1: Swinging Strike
1-2: Ball
2-2: Ball
3-2: Strikes out swinging
Batting: RHB Alejandro Serrato 0-0: Ball
1-0: Ball
2-0: Ground out 6-3 (Groundball, 6)
Batting: RHB Lloyd Regis 0-0: Called Strike
0-1: Ball
1-1: Ball
2-1: Fly out, F9 (Flyball, 9S)
Top of the 2nd over - 0 run(s), 0 hit(s), 0 error(s), 0 left on base; Belleville 0 - Mancelona 0
BOTTOM OF THE 2ND
Mancelona Torch batting - Pitching for Belleville Bulls : RHP Héctor Aguilar
Batting: LHB Badry Maksimenov 0-0: Called Strike
0-1: Swinging Strike
0-2: Ball
1-2: Ball
2-2: Ball
3-2: Base on Balls
Batting: RHB Alex Vaske 0-0: Ball
1-0: Foul Ball, location: 2F
1-1: Ball
2-1: SINGLE (Line Drive, 6MD)
Badry Maksimenov to second
Batting: RHB Kyle Vandenbrink 0-0: Ball
1-0: Foul Ball, location: 2F
1-1: Foul Ball, location: 2F
1-2: Fly out, F9 (Flyball, 9LM)
Runner from 2nd tags up, OUT at 3rd
Batting: LHB Jim Halpert 0-0: Ball
1-0: Foul Ball, location: 2F
1-1: Ball
2-1: Foul Ball, location: 2F
2-2: Ball
3-2: Ground out 4-3 (Groundball, 4)
Bottom of the 2nd over - 0 run(s), 1 hit(s), 0 error(s), 1 left on base; Belleville 0 - Mancelona 0
TOP OF THE 3RD
Belleville Bulls batting - Pitching for Mancelona Torch : RHP Zafar Zahir
Batting: RHB Leonardo Sotelo 0-0: Ball
1-0: SINGLE (Groundball, 56D)
Batting: LHB Alan Shaw 0-0: Ball
1-0: Called Strike
1-1: SINGLE (Line Drive, 34D)
Leonardo Sotelo to second
Batting: RHB Vicente Mena 0-0: Ball
1-0: Called Strike
1-1: Ball
2-1: Foul Ball, location: 2F
2-2: Foul Ball, location: 2F
2-2: Foul Ball, location: 2F
2-2: Foul Ball, location: 2F
2-2: Foul Ball, location: 2F
2-2: Ball
3-2: Base on Balls
Leonardo Sotelo to third
Alan Shaw to second
Batting: LHB José Gómez 0-0: SINGLE (Line Drive, 78S)
Leonardo Sotelo scores
Alan Shaw to third
Vicente Mena to second
Batting: LHB Ken Stroud 0-0: SINGLE (Flyball, 8LS)
Alan Shaw scores
Vicente Mena to third
José Gómez to second
Runner from 3rd tries for Home, SAFE, no throw
Batting: RHB Mike Jennings 0-0: Called Strike
0-1: Ball
1-1: Swinging Strike
1-2: Ball
2-2: Fly out, F5 (Popup, 5L)
Batting: RHB Ron Bernard 0-0: Grounds into double play, 6-4-3 (Groundball, 6)
Top of the 3rd over - 3 run(s), 4 hit(s), 0 error(s), 1 left on base; Belleville 3 - Mancelona 0
BOTTOM OF THE 3RD
Mancelona Torch batting - Pitching for Belleville Bulls : RHP Héctor Aguilar
Batting: RHB Burt Babbs 0-0: Foul Ball, location: 2F
0-1: Bunt for hit - play at first, batter OUT! 5-3
Batting: RHB José Córdova 0-0: Ball
1-0: Foul Ball, location: 2F
1-1: Foul Ball, location: 2F
1-2: Foul Ball, location: 2F
1-2: Ball
2-2: Foul Ball, location: 2F
2-2: Strikes out swinging
Batting: RHB Emílio Agramónte 0-0: Ball
1-0: Called Strike
1-1: Ball
2-1: Ball
3-1: Swinging Strike
3-2: Foul Ball, location: 2F
3-2: Strikes out looking
Bottom of the 3rd over - 0 run(s), 0 hit(s), 0 error(s), 0 left on base; Belleville 3 - Mancelona 0
TOP OF THE 4TH
Belleville Bulls batting - Pitching for Mancelona Torch : RHP Zafar Zahir
Batting: RHB Alejandro Serrato 0-0: Called Strike
0-1: Called Strike
0-2: Strikes out swinging
Batting: RHB Lloyd Regis 0-0: Foul Ball, location: 2F
0-1: Foul Ball, location: 2F
0-2: Ball
1-2: Ball
2-2: Ball
3-2: Fly out, F9 (Flyball, 9)
Batting: RHB Leonardo Sotelo 0-0: Called Strike
0-1: Swinging Strike
0-2: Ground out 6-3 (Groundball, 6S)
Top of the 4th over - 0 run(s), 0 hit(s), 0 error(s), 0 left on base; Belleville 3 - Mancelona 0
BOTTOM OF THE 4TH
Mancelona Torch batting - Pitching for Belleville Bulls : RHP Héctor Aguilar
Batting: RHB Blake Snow 0-0: Ball
1-0: Called Strike
1-1: SINGLE (Flyball, 9LS)
Batting: RHB Ratko Ralevic 0-0: Grounds into double play, 6-4-3 (Groundball, 56D)
Batting: LHB Badry Maksimenov 0-0: Ball
1-0: Called Strike
1-1: Ball
2-1: Called Strike
2-2: Foul Ball, location: 2F
2-2: Ground out 3-1 (Groundball, 34)
Bottom of the 4th over - 0 run(s), 1 hit(s), 0 error(s), 0 left on base; Belleville 3 - Mancelona 0
TOP OF THE 5TH
Belleville Bulls batting - Pitching for Mancelona Torch : RHP Zafar Zahir
Batting: LHB Alan Shaw 0-0: Called Strike
0-1: Called Strike
0-2: Ball
1-2: Foul Ball, location: 2F
1-2: Ball
2-2: Ball
3-2: Strikes out swinging passed ball, reaches first!
Batting: RHB Vicente Mena 0-0: Ball
1-0: SINGLE (Line Drive, 78M)
Alan Shaw to second
Batting: LHB José Gómez 0-0: Bunted foul
0-1: Sac Bunt - play at first, batter OUT! 1-4
Alan Shaw to third
Vicente Mena to second
Batting: LHB Ken Stroud 0-0: Ball
1-0: Called Strike
1-1: Called Strike
1-2: Foul Ball, location: 2F
1-2: Ball
2-2: Ball
3-2: Strikes out looking
Pitching: RHP Arturo Guerrero
Batting: RHB Mike Jennings 0-0: Called Strike
0-1: Called Strike
0-2: Foul Ball, location: 2F
0-2: Foul Ball, location: 2F
0-2: Strikes out swinging
Top of the 5th over - 0 run(s), 1 hit(s), 0 error(s), 2 left on base; Belleville 3 - Mancelona 0
BOTTOM OF THE 5TH
Mancelona Torch batting - Pitching for Belleville Bulls : RHP Héctor Aguilar
Batting: RHB Alex Vaske 0-0: Called Strike
0-1: Ground out 6-3 (Groundball, 6)
Batting: RHB Kyle Vandenbrink 0-0: Called Strike
0-1: Fly out, F8 (Line Drive, 8LD)
Batting: LHB Jim Halpert 0-0: Ball
1-0: Swinging Strike
1-1: Called Strike
1-2: Foul Ball, location: 2F
1-2: Ball
2-2: Foul Ball, location: 2F
2-2: Strikes out looking
Bottom of the 5th over - 0 run(s), 0 hit(s), 0 error(s), 0 left on base; Belleville 3 - Mancelona 0
TOP OF THE 6TH
Belleville Bulls batting - Pitching for Mancelona Torch : RHP Arturo Guerrero
Batting: RHB Ron Bernard 0-0: Ball
1-0: Ball
2-0: Ball
3-0: Base on Balls
Batting: RHB Alejandro Serrato 0-0: Swinging Strike
0-1: Sac Bunt - play at first, batter OUT! 1-3
Ron Bernard to second
Batting: RHB Lloyd Regis 0-0: Called Strike
0-1: Called Strike
0-2: Ball
Wild Pitch!
Ron Bernard to third
1-2: Ball
2-2: Foul Ball, location: 2F
2-2: Strikes out swinging
Batting: RHB Leonardo Sotelo 0-0: Ball
1-0: Fly out, F4 (Line Drive, 4)
Top of the 6th over - 0 run(s), 0 hit(s), 0 error(s), 1 left on base; Belleville 3 - Mancelona 0
BOTTOM OF THE 6TH
Mancelona Torch batting - Pitching for Belleville Bulls : RHP Héctor Aguilar
Batting: RHB Burt Babbs 0-0: Swinging Strike
0-1: Ball
1-1: Ball
2-1: Swinging Strike
2-2: Strikes out swinging
Batting: RHB José Córdova 0-0: Ball
1-0: Called Strike
1-1: Foul Ball, location: 2F
1-2: Foul Ball, location: 2F
1-2: Strikes out swinging
Batting: RHB Emílio Agramónte 0-0: Foul Ball, location: 2F
0-1: Ball
1-1: Called Strike
1-2: Foul Ball, location: 2F
1-2: Strikes out looking
Bottom of the 6th over - 0 run(s), 0 hit(s), 0 error(s), 0 left on base; Belleville 3 - Mancelona 0
TOP OF THE 7TH
Belleville Bulls batting - Pitching for Mancelona Torch : RHP Arturo Guerrero
Batting: LHB Alan Shaw 0-0: Swinging Strike
0-1: Foul Ball, location: 2F
0-2: Ball
1-2: Foul Ball, location: 2F
1-2: Strikes out swinging
Batting: RHB Vicente Mena 0-0: Ball
1-0: Foul Ball, location: 2F
1-1: Ball
2-1: Ball
3-1: Base on Balls
Batting: LHB José Gómez 0-0: Ball
Vicente Mena is caught stealing 2nd base
1-0: Ball
2-0: Called Strike
2-1: Foul Ball, location: 2F
2-2: Foul Ball, location: 2F
2-2: Foul Ball, location: 2F
2-2: Foul Ball, location: 2F
2-2: Fly out, F8 (Line Drive, 8RM)
Top of the 7th over - 0 run(s), 0 hit(s), 0 error(s), 0 left on base; Belleville 3 - Mancelona 0
BOTTOM OF THE 7TH
Mancelona Torch batting - Pitching for Belleville Bulls : RHP Héctor Aguilar
Batting: RHB Blake Snow 0-0: Ball
1-0: Called Strike
1-1: Called Strike
1-2: Ball
2-2: Foul Ball, location: 2F
2-2: Ball
3-2: Foul Ball, location: 2F
3-2: Fly out, F8 (Flyball, 8LM)
Batting: RHB Ratko Ralevic 0-0: Ball
1-0: Foul Ball, location: 2F
1-1: Foul Ball, location: 2F
1-2: Fly out, F7 (Line Drive, 78M)
Batting: LHB Badry Maksimenov 0-0: Foul Ball, location: 2F
0-1: Called Strike
0-2: Strikes out looking
Bottom of the 7th over - 0 run(s), 0 hit(s), 0 error(s), 0 left on base; Belleville 3 - Mancelona 0
TOP OF THE 8TH
Belleville Bulls batting - Pitching for Mancelona Torch : RHP Arturo Guerrero
Batting: LHB Ken Stroud 0-0: Called Strike
0-1: Swinging Strike
0-2: Strikes out swinging
Batting: RHB Mike Jennings 0-0: Called Strike
0-1: Foul Ball, location: 2F
0-2: Foul Ball, location: 2F
0-2: Ball
1-2: Foul Ball, location: 2F
1-2: Ball
2-2: Ball
3-2: Foul Ball, location: 2F
3-2: Ground out 6-3 (Groundball, 6)
Batting: RHB Ron Bernard 0-0: Called Strike
0-1: Foul Ball, location: 2F
0-2: Strikes out swinging
Top of the 8th over - 0 run(s), 0 hit(s), 0 error(s), 0 left on base; Belleville 3 - Mancelona 0
BOTTOM OF THE 8TH
Mancelona Torch batting - Pitching for Belleville Bulls : RHP Héctor Aguilar
Pitching: RHP Ron Burgundy
Batting: RHB Alex Vaske 0-0: Ball
1-0: Foul Ball, location: 2F
1-1: Ball
2-1: Swinging Strike
2-2: Strikes out swinging
Batting: RHB Kyle Vandenbrink 0-0: Ball
1-0: Ball
2-0: Ball
3-0: Called Strike
3-1: Base on Balls
Pitching: LHP Ray Dostie
Batting: LHB Jim Halpert 0-0: Fly out, F5 (Popup, 56)
Pitching: RHP Armando Manuel
Batting: RHB Burt Babbs 0-0: Called Strike
0-1: Ball
1-1: Ball
2-1: Foul Ball, location: 2F
2-2: Ball
3-2: Foul Ball, location: 2F
3-2: Foul Ball, location: 2F
3-2: Reached on error, E5 (Groundball, 56S)
Kyle Vandenbrink to second
Batting: RHB José Córdova 0-0: Foul Ball, location: 2F
0-1: Swinging Strike
0-2: Ball
1-2: Ball
2-2: Fly out, F8 (Flyball, 78M)
Bottom of the 8th over - 0 run(s), 0 hit(s), 1 error(s), 2 left on base; Belleville 3 - Mancelona 0
TOP OF THE 9TH
Belleville Bulls batting - Pitching for Mancelona Torch : RHP Arturo Guerrero
Batting: RHB Alejandro Serrato 0-0: Ground out 5-3 (Groundball, 56)
Batting: RHB Lloyd Regis 0-0: Swinging Strike
0-1: Called Strike
0-2: Foul Ball, location: 2F
0-2: Strikes out looking
Batting: RHB Leonardo Sotelo 0-0: Ball
1-0: Ball
2-0: Ball
3-0: Base on Balls
Batting: LHB Alan Shaw 0-0: Foul Ball, location: 2F
0-1: Foul Ball, location: 2F
0-2: Strikes out swinging
Top of the 9th over - 0 run(s), 0 hit(s), 0 error(s), 1 left on base; Belleville 3 - Mancelona 0
BOTTOM OF THE 9TH
Mancelona Torch batting - Pitching for Belleville Bulls : RHP Armando Manuel
Pitching: RHP Marcos Arenos
Batting: RHB Emílio Agramónte 0-0: Called Strike
0-1: Ball
1-1: Swinging Strike
1-2: Strikes out looking
Batting: RHB Blake Snow 0-0: Ball
1-0: Called Strike
1-1: Foul Ball, location: 2F
1-2: Ball
2-2: Ball
3-2: Base on Balls
Batting: RHB Ratko Ralevic 0-0: Foul Ball, location: 2F
0-1: Ball
1-1: Fly out, F6 (Line Drive, 6)
Batting: LHB Badry Maksimenov 0-0: Called Strike
0-1: Ball
1-1: Ball
2-1: Called Strike
2-2: Ball
3-2: Foul Ball, location: 2F
3-2: DOUBLE (Line Drive, 9LM)
Blake Snow to third
Blake Snow scores
Pinch Hitting: LHB Jorge Morín 0-0: Ball
1-0: Called Strike
1-1: Ball
2-1: Foul Ball, location: 2F
2-2: Ground out 6-3 (Groundball, 6D)
Bottom of the 9th over - 1 run(s), 1 hit(s), 0 error(s), 1 left on base; Belleville 3 - Mancelona 1
Saturday, May 26th, 2018 - OOTP Baseball 17.12 Build 75